 Dungeon Crawl Stone Soup version 0.29-a0-598-gd8304a5bf4 (console) character file.

Game seed: 8620819432157210895

191 om the Insei (level 5, 0/38 HPs)
             Began as a Merfolk Transmuter on June 15, 2022.
             Was a Believer of Dithmenos.
             Splashed by a jelly's acid (3 damage)
             ... on level 2 of the Dungeon.
             The game lasted 00:06:34 (4461 turns).

om the Insei (Merfolk Transmuter)                   Turns: 4461, Time: 00:06:34

Health: 0/38       AC: -16   Str: 11 (12) XL:     5   Next: 70%
Magic:  8/8        EV: 13    Int: 11 (13) God:    Dithmenos [**....]
Gold:   9          SH:  0    Dex: 14      Spells: 5/8 levels left

rFire   . . .      SeeInvis .   k - +1 trident (freeze)
rCold   . . .      Faith    .   (no shield)
rNeg    . . .      Spirit   .   a - +1 robe
rPois   +          Reflect  .   b - +1 hat
rElec   .          Harm     .   (no cloak)
rCorr   .          Rampage  .   (no gloves)
Will    .....                   (no boots)
Stlth   +++.......              (no amulet)
HPRegen 0.12/turn               i - ring of poison resistance
MPRegen 0.11/turn               (no ring)

@: corroded, flying, wreathed by umbra
A: (nimble swimmer 2), mertail, screaming 1
a: Renounce Religion, Shadow Step


You were on level 2 of the Dungeon.
You worshipped Dithmenos.
Dithmenos was pleased with you.
You visited 1 branch of the dungeon, and saw 4 of its levels.

You collected 139 gold pieces.
You spent 130 gold pieces at shops.

Inventory:

Hand Weapons
 c - a +0 dagger
 k - a +1 trident of freezing (weapon)
Armour
 a - a +1 robe (worn)
 b - a +1 hat (worn)
Jewellery
 g - a ring of resist corrosion
 i - a ring of poison resistance (left hand)
Scrolls
 f - 2 scrolls of teleportation
Potions
 d - a potion of might


   Skills:
 * Level 2.0 Fighting
 * Level 0.2 Polearms
 - Level 3.0 Dodging
 - Level 4.0 Stealth
 - Level 4.2 Unarmed Combat
 * Level 2.2 Spellcasting
 + Level 4.0 Transmutations


You had 5 spell levels left.
You knew the following spells:

 Your Spells              Type           Power      Damage    Failure   Level
a - Beastly Appendage     Tmut           20%        N/A       5%          1
b - Wereblood             Tmut           10%        N/A       9%          2

Your spell library contained the following spells:

 Spells                   Type           Power      Damage    Failure   Level
 Shock                    Conj/Air       4%         1d3       28%         1
 Spider Form              Tmut/Pois      5%         N/A       36%         3
 Swiftness                Air            1%         N/A       65%         3
 Ice Form                 Ice/Tmut       5%         N/A       77%         4
 Airstrike                Air            0%         N/A       96%         4


Dungeon Overview and Level Annotations

Branches:
Dungeon (4/15)
 Temple: D:4-7

Altars:
Dithmenos
Vehumet

Shops:
D:1 (


Innate Abilities, Weirdness & Mutations

((You are very nimble when in or above water. (Stealth+, EV+, Speed+++)))
Your lower body shifts to a powerful aquatic tail in water.
You occasionally shout uncontrollably at your foes.


Message History

You hit the jelly but do no damage. The acid corrodes you!
Your hands burn!
The jelly is heavily wounded.
The jelly misses you.
Found an escape hatch in the ceiling.
There is a stone staircase leading up here.
The jelly closely misses you.
You climb upwards.
There is a stone staircase leading down here.
The jelly attacks as you move away! The jelly hits you. The acid corrodes you!
You are splashed with acid!
You see here a +0 whip.
The jelly attacks as you move away! The jelly completely misses you.
The jelly attacks as you move away! The jelly hits you. The acid corrodes you!
You are splashed with acid!
There is an escape hatch in the ceiling here.
The jelly hits you.
* * * LOW HITPOINT WARNING * * *
You are splashed with acid.
* * * LOW HITPOINT WARNING * * *
A mysterious force pulls you upwards. The hatch slams shut behind you.
It was a potion of flight.
You feel very buoyant.
You fly up into the air.
The jelly misses you.
It was a potion of mutation.
You feel extremely strange.
You feel the urge to shout. The jelly closely misses you.
Okay, then.
The air fills with toxic fumes!
As you read the scroll labelled GEM QUMITIY, it crumbles to dust.
It was a scroll of poison.
The jelly misses you. The jelly closely misses you.
You hit the jelly but do no damage.
Your hands burn!
* * * LOW HITPOINT WARNING * * *
The jelly is heavily wounded.
The jelly barely misses you.
Reach: k) +1 trident (freeze)
Press: ? - help, Dir - move target, f - jelly
Aim: a jelly (heavily wounded, umbra, about 11% to evade your +1 trident of freezing)
You hit the jelly but do no damage. The acid corrodes you!
Your hands burn!
You die...

###......####.....
##.§§.........##
#.§##......<...
#§§##......#.##
##§§##§.....#...
##§§§#§§.....####
##§§§§§§§.......##
#§J§§§§§§.....#.>.
#@§§§§§§§.....####
#§§§§§§§§.....# #
##§§§§§§§..####
##§§§#§§.##
#########


You could see a jelly.

Vanquished Creatures
  A hound (D:4)
  Jessica (D:2)
  An iguana (D:4)
  3 adders
  2 worms
  3 dart slugs (D:2)
  4 orcs (D:3)
  7 endoplasms
  6 giant cockroaches
  6 goblins
  5 hobgoblins
  2 jackals (D:4)
  4 quokkas
  4 ball pythons (D:2)
  4 bats
  3 frilled lizards
  4 kobolds
  5 rats (D:1)
65 creatures vanquished.

Vanquished Creatures (others)
  16 plants (D:2)
16 creatures vanquished.

Grand Total: 81 creatures vanquished

Notes
Turn   | Place    | Note
-------+----------+-------------------------------------------
     0 | D:1      | om the Merfolk Transmuter began the quest for the Orb.
     0 | D:1      | Reached XP level 1. HP: 15/15 MP: 3/3
    16 | D:1      | Found Liodoali's Antique Weapon Emporium.
   224 | D:1      | Reached XP level 2. HP: 21/21 MP: 3/5
  1010 | D:1      | Found a faded altar of an unknown god.
  1024 | D:1      | Prayed at the altar of an unknown god.
  1024 | D:1      | Became a worshipper of Dithmenos the Shadowed
  1024 | D:1      | Reached * piety under Dithmenos
  1341 | D:1      | Reached XP level 3. HP: 24/27 MP: 6/6
  1709 | D:2      | Reached skill level 1 in Stealth
  2307 | D:2      | Noticed Jessica
  2312 | D:2      | Killed Jessica
  2313 | D:2      | Reached XP level 4. HP: 33/33 MP: 5/7
  3628 | D:3      | Learned a level 2 spell: Wereblood
  3635 | D:3      | Reached ** piety under Dithmenos
  3758 | D:3      | Found a radiant altar of Vehumet.
  3897 | D:4      | Reached XP level 5. HP: 38/38 MP: 6/8
  4396 | D:1      | Bought a glowing trident for 130 gold pieces
  4457 | D:2      | Gained mutation: You occasionally shout uncontrollably at
                  | your foes. [potion of mutation]
  4461 | D:2      | Splashed by a jelly's acid

Illustrated notes

Levels and vault maps discovered:
D:1:      scummos_arrival_forest, layout_loops_ring, serial_shops, shop,
          chequers_ecumenical_altar_island, minivault_24
D:2:      layout_rooms, serial_bayou_lake_a, uniq_jessica
D:3:      layout_rooms, lemuel_doored_altar
D:4:      layout_basic, mainiacjoe_overflow_concentric_impassable,
          mainiacjoe_overflow_boulevard

Skill      XL: |  1  2  3  4  5 |
---------------+----------------+-----
Dodging        | 3 |  3.0
Transmutations | 3 4 |  4.0
Fighting       | 2 |  2.0
Stealth        | 2 3 4 |  4.0
Unarmed Combat | 4 |  4.2
Polearms       | |  0.2
Spellcasting   | |  2.2

Action                   |  1- 3 |  4- 6 || total
-------------------------+-------+-------++-------
Melee: Unarmed           |     9 |    96 ||   105
       Headbutt          |    20 |    14 ||    34
       Dagger            |   125 |    48 ||   173
       Punch             |     2 |     1 ||     3
       Tailslap          |       |     2 ||     2
       Trident           |       |     8 ||     8
 Cast: Beastly Appendage |    28 |    18 ||    46
       Wereblood         |       |     1 ||     1
  Use: Potion            |     1 |     4 ||     5
       Scroll            |       |     5 ||     5
 Stab: Sleeping          |     4 |     5 ||     9
Armor: Robe              |     9 |    28 ||    37
       Skin              |     8 |       ||     8
Dodge: Dodged            |    78 |   135 ||   213

Table legend: (Time is in decaauts)
 A = Elapsed time spent in this place.
 B = Non-inter-level travel time spent in this place.
 C = Inter-level travel time spent in this place.
 D = Time resting spent in this place.
 E = Time spent auto-exploring this place.
 F = Levels seen in this place.
 G = Mean time per level.
                   A        B        C        D        E       F      G
               +--------+--------+--------+--------+--------+-----+--------+
         Total |   4414 |   4209 |    205 |   1118 |   2295 |   4 | 1103.5 |
       Dungeon |   4414 |   4209 |    205 |   1118 |   2295 |   4 | 1103.5 |
               +--------+--------+--------+--------+--------+-----+--------+

Top non-repeatable levels by time:
     D:1: 1601 daAuts
     D:2: 1443 daAuts
     D:3: 787 daAuts
     D:4: 581 daAuts
